 Dungeon Crawl Stone Soup version 0.17-a0-2203-g187e5c8 (webtiles) character file.

3602 Minkie the Basher (level 9, -1/74 HPs)
             Began as a Minotaur Fighter on Oct 26, 2015.
             Was a Follower of Okawaru.
             Slain by Erica
             ... wielding a +2 scimitar of flaming
              (12 damage)
             ... on level 8 of the Dungeon.
             The game lasted 00:34:28 (8624 turns).

Minkie the Basher (Minotaur Fighter)                Turns: 8624, Time: 00:34:28

Health: -1/74      AC:  7    Str: 20    XL:     9   Next: 86%
Magic:  0/0        EV: 12    Int:  6    God:    Okawaru [*.....]
Gold:   238        SH: 11    Dex: 13    Spells: 0 memorised, 8 levels left

rFire  + . .     SeeInvis .     U - +2 mace (holy)
rCold  . . .     Clarity  +     g - +1 leather armour "Leill" {rPois rCorr MP-9}
rNeg   . . .     SustAt   .     c - +0 shield
rPois  +         Gourm    .     (helmet restricted)
rElec  .         Spirit   +     r - +0 cloak
rCorr  +         Warding  .     M - +0 pair of gloves
rMut   .         Stasis   .     (no boots)
MR     +....                    q - amulet of guardian spirit
Stlth  +.........               P - ring of protection from fire
                                l - ring of protection from magic

@: somewhat resistant to hostile enchantments, very unstealthy
A: retaliatory headbutt, horns 2, clarity
a: Heroism, Renounce Religion


You were on level 8 of the Dungeon.
You worshipped Okawaru.
Okawaru was aware of your devotion.
You were hungry.

You visited 2 branches of the dungeon, and saw 9 of its levels.

You collected 530 gold pieces.
You spent 292 gold pieces at shops.

Inventory:

Hand Weapons
 U - a +2 mace of holy wrath (weapon)
Missiles
 A - 21 tomahawks (quivered)
 I - 2 throwing nets
 Q - 5 tomahawks of returning
Armour
 c - a +0 shield (worn)
 g - the +1 leather armour "Leill" (worn) {rPois rCorr MP-9}
   (You found it on level 7 of the Dungeon)

   It protects you from poison.
   It affects your magic capacity (-9).
   It protects you from acid and corrosion.
 r - a +0 cloak (worn)
 M - a +0 pair of gloves (worn)
Jewellery
 l - a ring of protection from magic (left hand)
 o - an uncursed ring of protection from magic
 q - an amulet of guardian spirit (around neck)
 P - a ring of protection from fire (right hand)
Wands
 w - a wand of digging (13)
 y - a wand of draining (10)
 D - a wand of lightning (4)
 F - a wand of slowing (15)
 G - a wand of flame (16)
 H - a wand of confusion (23)
 J - a wand of fire (5)
 L - a wand of fire (6)
Scrolls
 f - 4 scrolls of remove curse {unknown}
 h - 2 scrolls of amnesia {unknown}
 j - 4 scrolls of random uselessness {unknown}
 k - 2 scrolls of noise {unknown}
 p - a scroll of fog {unknown}
 s - 2 scrolls of immolation {unknown}
 t - 2 scrolls of magic mapping {unknown}
 v - 4 scrolls of teleportation {unknown}
 z - 2 scrolls of recharging {unknown}
 C - 3 scrolls of enchant armour
 N - 2 scrolls of enchant weapon {unknown}
Potions
 d - 2 potions of might
 i - a potion of heal wounds
 n - a potion of cure mutation
 u - 2 potions of magic
 B - a potion of cancellation
 E - a potion of invisibility
 K - a potion of experience {unknown}
 O - a potion of brilliance
 R - a potion of poison {unknown}
 S - 2 potions of curing {unknown}
 T - a potion of resistance
Comestibles
 b - a beef jerky
 e - 5 bread rations
 m - 14 fruits
 x - 3 meat rations


   Skills:
 - Level 5.0 Fighting
 * Level 11.8 Maces & Flails
 - Level 7.2 Armour
 - Level 4.4 Dodging
 + Level 9.1 Shields


You had 8 spell levels left.
You didn't know any spells.

Dungeon Overview and Level Annotations

Branches:
Dungeon (8/15)             Temple (1/1) D:6
   Lair: D:8-11

Altars:
Ashenzari
Dithmenos
Elyvilon
Fedhas
Gozag
Kikubaaqudgha
Nemelex Xobeh
Okawaru
Trog
Vehumet
Xom
Yredelemnul
Zin

Shops:
D:7 *

Annotations:
D:8 Erica


Innate Abilities, Weirdness & Mutations

You reflexively headbutt those who attack you in melee.
You have a pair of horns on your head.
You possess an exceptional clarity of mind.


Message History

You hear a mighty clap of thunder!
The bolt of lightning hits something.
The bolt of lightning hits the orc.
You kill the orc!
Okawaru accepts your kill.
The bolt of lightning hits the orc.
You kill the orc!
Okawaru accepts your kill.
Evoking this partially-identified wand wasted a few charges.
Something hits you!
* * * LOW HITPOINT WARNING * * *
Something burns you.
* * * LOW HITPOINT WARNING * * *
You hit something but do no damage.
You hear some strange, mumbled words.
An orb of energy appears from out of thin air!
The orb of energy misses you.
The orb of energy explodes!
You barely miss something. Your headbutt misses something. Something hits you.
* * * LOW HITPOINT WARNING * * *
You sock something! Something hits you!
You die...

## . #. .### o[# #########
#y# #.......## #{# #.#####...
### #@# ####.## ####
###8#########.# #.....#######
#._._.#>...##.# #.##..(......
##...#####.##.# #.#..........
#⌠.⌠#####.##.# #..).##......
##'##........####..<.##.#####
#....###.#.......(...#.#####
###### #.#.###..............
#.#...........#....##


You could see a killer bee and an orc.

Vanquished Creatures
  The ghost of tetracat the Changer, an amateur NaTm (D:3)
  Grinder (D:3)
  Sigmund (D:2)
  2 hippogriffs (D:8)
  An ice beast (D:5)
  Duvessa (D:4)
  An orc warrior (D:8)
  An ogre (D:3)
  8 centaurs
  A big kobold (D:8)
  2 giant frogs (D:8)
  Dowan (D:4)
  4 killer bees (D:8)
  2 scorpions
  3 crimson imps
  A giant frog zombie (D:8)
  5 hounds
  A centaur skeleton (D:5)
  4 worker ants
  3 jellies
  6 orc wizards
  3 orc priests (D:8)
  A giant frog skeleton (D:6)
  Terence (D:2)
  3 iguanas (D:8)
  A hound skeleton (D:7)
  Robin (D:2)
  A worker ant zombie (D:4)
  6 gnolls
  6 adders
  2 river rats (D:4)
  3 shadow imps (D:6)
  3 adder skeletons
  An adder zombie (D:8)
  4 worms
  3 giant geckos
  33 orcs
  11 bats
  9 giant cockroaches
  16 goblins
  11 hobgoblins
  10 jackals
  3 quokkas
  2 ball pythons
  A giant cockroach zombie (D:5)
  A giant gecko skeleton (D:6)
  13 giant newts
  11 kobolds
  A quokka skeleton (D:5)
  5 rats
  A spectral orc (D:2)
217 creatures vanquished.

Notes
Turn   | Place    | Note
--------------------------------------------------------------
     0 | D:1      | Minkie the Minotaur Fighter began the quest for the Orb.
     0 | D:1      | Reached XP level 1. HP: 19/19 MP: 0/0
   138 | D:1      | Reached XP level 2. HP: 25/27 MP: 1/1
   263 | D:1      | Reached skill level 4 in Fighting
   543 | D:1      | Reached XP level 3. HP: 29/33 MP: 2/2
   691 | D:2      | Noticed Terence
   916 | D:2      | Found a faded altar to an unknown god.
   920 | D:2      | Noticed Sigmund
   974 | D:2      | Noticed Robin
  1005 | D:2      | Killed Sigmund
  1005 | D:2      | Reached XP level 4. HP: 32/41 MP: 3/3
  1005 | D:2      | Reached XP level 5. HP: 36/47 MP: 4/4
  1118 | D:2      | Killed Robin
  1234 | D:2      | Found a basalt altar of Yredelemnul.
  1421 | D:2      | Killed Terence
  1421 | D:2      | Reached skill level 5 in Maces & Flails
  1683 | D:2      | Reached skill level 5 in Fighting
  1683 | D:2      | Reached XP level 6. HP: 38/56 MP: 5/5
  2296 | D:3      | Reached skill level 5 in Armour
  2296 | D:3      | Reached skill level 5 in Shields
  2552 | D:3      | Noticed Grinder
  2595 | D:3      | Noticed tetracat's ghost (amateur NaTm)
  2622 | D:3      | Killed Grinder
  2622 | D:3      | Reached skill level 6 in Maces & Flails
  2622 | D:3      | Reached skill level 1 in Dodging
  2622 | D:3      | Reached XP level 7. HP: 61/61 MP: 6/6
  2629 | D:3      | Killed tetracat's ghost
  2691 | D:3      | Reached skill level 7 in Maces & Flails
  3023 | D:4      | Noticed Dowan
  3026 | D:4      | Noticed Duvessa
  3042 | D:4      | Killed Dowan
  3103 | D:4      | Killed Duvessa
  3103 | D:4      | Reached XP level 8. HP: 12/68 MP: 2/7
  3621 | D:4      | Found an opulent altar of Gozag.
  4173 | D:4      | Found a shimmering altar of Xom.
  4802 | D:5      | Entered Level 5 of the Dungeon
  4889 | D:5      | Reached skill level 8 in Maces & Flails
  5527 | D:5      | Reached skill level 9 in Maces & Flails
  5914 | D:6      | Reached XP level 9. HP: 67/74 MP: 6/8
  6107 | D:6      | Found a staircase to the Ecumenical Temple.
  6113 | Temple   | Entered the Ecumenical Temple
  6121 | Temple   | Became a worshipper of Warmaster Okawaru
  6185 | D:6      | Found a shimmering altar of Xom.
  6503 | D:7      | Found Busiu's General Store.
  6529 | D:7      | Bought a scroll of enchant armour for 112 gold pieces
  6529 | D:7      | Bought a potion of resistance for 150 gold pieces
  6529 | D:7      | Bought a scroll of identify for 30 gold pieces
  6531 | D:7      | Gained mutation: You possess an exceptional clarity of mind. [potion of beneficial mutation]
  6624 | D:7      | Reached skill level 10 in Maces & Flails
  6746 | D:7      | Found a radiant altar of Vehumet.
  6892 | D:7      | Got a polished leather armour
  6903 | D:7      | Identified the +1 leather armour "Leill" {rPois rCorr MP-9} (You found it on level 7 of the Dungeon)
  7980 | D:8      | Reached * piety under Okawaru
  8033 | D:8      | Reached skill level 11 in Maces & Flails
  8527 | D:8      | Found a shattered altar of Ashenzari.
  8528 | D:8      | Found a shadowy altar of Dithmenos.
  8600 | D:8      | Noticed Erica
  8624 | D:8      | Slain by Erica

Vault maps used:
D:1:      minmay_arrival_nine_rooms, hangedman_decor_peaks_small,
          minmay_misc_feat_plants
D:2:      yredelemnul_forgotten_temple_becter, ecumenical_altar_2, uniq_terence,
          uniq_sigmund, uniq_robin
D:3:      first_bread, grunt_ministairs_7, kennysheep_donut, uniq_grinder
D:4:      kennysheep_little_box, gup_sewer_entry_spiral, dk_vineyard_3, tgw_xom,
          uniq_duvessa
D:6:      temple_statues, basic_altar
D:7:      basic_altar, serial_shops, shop
D:8:      gammafunk_temple_overflow_statue, grunt_ogre_cave, uniq_erica
Temple:   circular_temple_12

Action                   |  1- 3 |  4- 6 |  7- 9 || total
-------------------------+-------+-------+-------++-------
Melee: Flail             |   104 |   102 |   514 ||   720
       Mace              |       |       |    53 ||    53
Evoke: Wand              |       |       |     1 ||     1
  Use: Scroll            |       |     4 |     5 ||     9
       Potion            |       |       |     1 ||     1
  Eat: Chunk             |       |     6 |    11 ||    17
       Meat ration       |       |       |     1 ||     1
       Beef jerky        |       |       |     1 ||     1
       Pizza             |       |       |     1 ||     1
